 Dungeon Crawl Stone Soup version 0.18-a0-1312-gf98331d (webtiles) character file.

331 HEYYEYAAE the Digger (level 6, -1/46 HPs)
             Began as a Human Earth Elementalist on Feb 14, 2016.
             Slain by a giant frog (8 damage)
             ... on level 6 of the Dungeon.
             The game lasted 00:09:11 (3868 turns).

HEYYEYAAE the Digger (Human Earth Elementalist)     Turns: 3868, Time: 00:09:12

Health: -1/46      AC:  3    Str:  7 (8)  XL:     6   Next: 82%
Magic:  9/10       EV: 13    Int: 16 (18) God:
Gold:   183        SH:  0    Dex: 12 (13) Spells: 1 memorised, 9 levels left

rFire  . . .     SeeInvis .     b - 20 stones
rCold  . . .     Gourm    .     a - +0 robe
rNeg   . . .     Faith    .     (no shield)
rPois  .         Spirit   .     h - +0 helmet
rElec  .         Dismiss  .     (no cloak)
rCorr  .         Reflect  .     (no gloves)
SustAt .         Harm     .     (no boots)
MR     .....                    (no amulet)
Stlth  ++........               (no ring)
                                (no ring)

@: not resistant to hostile enchantments, unstealthy
A: no striking features
a: no special abilities


You were on level 6 of the Dungeon.
You were not hungry.

You visited 1 branch of the dungeon, and saw 5 of its levels.
You also visited: Sewer.

You collected 183 gold pieces.

Inventory:

Hand Weapons
 i - the +10 great mace "Badix" {antimagic, Str+3 Dex+3}
   (You found it on level 6 of the Dungeon)

   It disrupts the flow of magical energy around spellcasters and certain
   magical creatures (including the wielder).
   It affects your strength (+3).
   It affects your dexterity (+3).
 w - a +0 hand axe of venom
Missiles
 b - 20 stones (in hand)
Armour
 a - a +0 robe (worn)
 f - a +0 buckler
 h - a +0 helmet (worn)
Scrolls
 e - 2 scrolls of enchant armour
 m - 2 scrolls of recharging
 s - a scroll of fear {unknown}
 t - a scroll of enchant weapon {unknown}
 u - a scroll of teleportation {unknown}
Potions
 j - 3 potions of flight
 n - 2 potions of degeneration
 o - a potion of cure mutation
 p - a potion of curing {unknown}
Books
 c - a book of Geomancy

   Spells                             Type                      Level
   a - Sandblast                      Earth                        1
   b - Passwall                       Transmutation/Earth          2
   c - Stone Arrow                    Conjuration/Earth            3
   d - Petrify                        Transmutation/Earth          4
   e - Lee's Rapid Deconstruction     Earth                        5
Comestibles
 d - 4 bread rations
 g - a meat ration


   Skills:
 + Level 2.4 Fighting
 - Level 1.7 Armour
 - Level 3.0 Dodging
 - Level 2.0 Stealth
 * Level 1.7 Shields
 + Level 2.7 Spellcasting
   Level 1.0 Transmutations
 * Level 4.9 Earth Magic


You had 9 spell levels left.
You knew the following spells:

 Your Spells              Type           Power        Failure   Level  Hunger
a - Sandblast             Erth           ###...       2%          1    #......


Dungeon Overview and Level Annotations

Branches:
Dungeon (4/15)
 Temple: D:4-7

Altars:
Dithmenos
Elyvilon
Gozag
Kikubaaqudgha
Vehumet
Yredelemnul


Message History

The orc wizard flickers and vanishes!
Deactivating autopickup; reactivate with Ctrl-A.
The orc priest invokes the aid of Beogh against you.
Something smites you!
* * * LOW HITPOINT WARNING * * *
Read which item? (? for menu, Esc to quit)
Okay, then.
The giant frog hits you.
* * * LOW HITPOINT WARNING * * *
A giant gecko comes into view.
The giant frog barely misses you.
Drink which item? (? for menu, Esc to quit)
It was a potion of degeneration.
There was something very wrong with that liquid.
You feel weakened.
You feel dopey.
You feel clumsy. The giant frog closely misses you.
Drink which item? (? for menu, Esc to quit)
It was a potion of cancellation.
You feel magically purged. The giant frog hits you!
You die...

#.# #####.#####
### #.# #.....#
..##
#.#####.#####
...## #..).....#
# ....#
####...(.#
####.# ....#
#...###..##
##o...# ....#
##†### #..#
####..#....#
....###..#
#.###...o##.####
....##..##
#@#...#### .#
.......##
#.F.### oh
...#.###
###....# oF
...(.#
##...##l.# o..
#.#### #..###
#.... ... ..##
######.## ...#..
...######......#
###
##....##..######
#........#####


You could see a giant frog and a giant gecko.

Vanquished Creatures
  A big kobold (Sewer)
  A crimson imp (D:6)
  A hound (D:4)
  An iguana (D:4)
  A worker ant (D:4)
  A gnoll (D:2)
  4 adders (D:3)
  A river rat (Sewer)
  A shadow imp (D:6)
  2 adder skeletons
  A worm (D:3)
  5 giant geckos
  4 orcs
  A ball python (D:3)
  4 giant cockroaches
  9 goblins
  5 hobgoblins
  A jackal (Sewer)
  9 kobolds
  7 bats
  8 giant newts
  12 rats
80 creatures vanquished.

Notes
Turn   | Place    | Note
--------------------------------------------------------------
     0 | D:1      | HEYYEYAAE the Human Earth Elementalist began the quest for the Orb.
     0 | D:1      | Reached XP level 1. HP: 13/13 MP: 3/3
   273 | D:1      | Reached XP level 2. HP: 7/20 MP: 0/5
  1231 | D:1      | Reached XP level 3. HP: 22/25 MP: 1/6
  1365 | D:2      | Found an ancient bone altar of Kikubaaqudgha.
  1370 | D:2      | Found a radiant altar of Vehumet.
  1370 | D:2      | Found a basalt altar of Yredelemnul.
  1373 | D:2      | Reached skill level 1 in Fighting
  1483 | D:2      | Found an opulent altar of Gozag.
  1757 | D:2      | Found a shadowy altar of Dithmenos.
  1947 | D:2      | Reached XP level 4. HP: 13/32 MP: 2/7
  2132 | D:3      | Reached skill level 1 in Armour
  2273 | D:3      | Found a glowing drain.
  2285 | Sewer    | Entered a sewer
  2293 | Sewer    | Reached skill level 4 in Earth Magic
  2383 | Sewer    | Noticed a big kobold
  2399 | Sewer    | Killed a big kobold
  2399 | Sewer    | Reached XP level 5. HP: 34/38 MP: 3/8
  2496 | Sewer    | Found a white marble altar of Elyvilon.
  2660 | D:3      | Found a white marble altar of Elyvilon.
  2980 | D:3      | Reached skill level 1 in Shields
  2980 | D:3      | Reached XP level 6. HP: 44/44 MP: 5/9
  3460 | D:4      | You fall through a shaft for 2 floors!
  3719 | D:6      | Got a crystal great mace
  3720 | D:6      | Identified the +10 great mace "Badix" {antimagic, Str+3 Dex+3} (You found it on level 6 of the Dungeon)
  3855 | D:6      | Noticed an orc warrior
  3868 | D:6      | Slain by a giant frog

Vault maps used:
D:1:      mainiacjoe_arrival_reflecting_pool, minmay_misc_feat_more_columns,
          kennysheep_pointless_box
D:2:      nicolae_gozag_cash_rules_everything_around_me,
          overflow_temple_1_default, lightli_temple_of_fire,
          gammafunk_temple_overflow_forgotten, serial_forest,
          infiniplex_forest_clump_diagonal, infiniplex_forest_lined_corner,
          infiniplex_forest_end_2, infiniplex_forest_end_double,
          infiniplex_forest_clump_tiny, infiniplex_forest_lined_2,
          infiniplex_forest_corner_2, infiniplex_forest_straight_1,
          grunt_decor_mini_mirrors, minmay_misc_feat_doors, grunt_decor_cap,
          kennysheep_generic_room_14
D:3:      nicolae_overflow_crystal_walls, first_bread, portal_sewer_entry_d
D:4:      kennysheep_mini, nicolae_overflow_hidden_temple,
          minmay_temple_entry_mist, serial_shops, kennysheep_little_box,
          kennysheep_generic_room_4, uniq_edmund
D:6:      lemuel_ice_spiral_2, uniq_crazy_yiuf_cottage
Sewer:    sewer_kobolds

Action                   |  1- 3 |  4- 6 || total
-------------------------+-------+-------++-------
Melee: Unarmed           |    19 |       ||    19
       Whip              |    65 |       ||    65
       Club              |     4 |       ||     4
       Spear             |       |    20 ||    20
       Hand axe          |       |    29 ||    29
       Great mace        |       |     4 ||     4
 Cast: Sandblast         |    42 |    71 ||   113
  Use: Scroll            |       |     5 ||     5
       Potion            |       |     3 ||     3
  Eat: Chunk             |     4 |     5 ||     9
       Beef jerky        |       |     1 ||     1
